 Dungeon Crawl Stone Soup version 0.18.1-5-g4a78601 (webtiles) character file.

1551 Mefis the Magician (level 8, -2/41 HPs)
             Began as a Deep Elf Wizard on May 12, 2016.
             Was an Initiate of Sif Muna.
             Shot with an arrow by a centaur (16 damage)
             ... on level 7 of the Dungeon.
             The game lasted 00:22:31 (8318 turns).

Mefis the Magician (Deep Elf Wizard)                Turns: 8318, Time: 00:22:32

Health: -2/41      AC:  4    Str:  4    XL:     8   Next: 57%
Magic:  13/19      EV: 14    Int: 26    God:    Sif Muna [......]
Gold:   112        SH:  0    Dex: 13    Spells: 8 memorised, 1 level left

rFire  . . .     SeeInvis .     f - +0 dagger
rCold  . . .     Gourm    .     a - +0 robe
rNeg   . . .     Faith    .     (no shield)
rPois  .         Spirit   .     b - +0 hat
rElec  .         Dismiss  .     x - +0 cloak
rCorr  .         Reflect  .     E - +0 pair of gloves
SustAt .         Harm     .     (no boots)
MR     +....                    (no amulet)
Stlth  +++.......               (no ring)
                                v - ring of protection from magic

@: somewhat resistant to hostile enchantments, fairly stealthy
A: no striking features
a: Renounce Religion


You were on level 7 of the Dungeon.
You worshipped Sif Muna.
Sif Muna was noncommittal.
You were not hungry.

You visited 2 branches of the dungeon, and saw 8 of its levels.

You collected 372 gold pieces.
You spent 260 gold pieces at shops.

Inventory:

Hand Weapons
 f - a +0 dagger (weapon)
 p - a +0 hunting sling
 L - a +0 shortbow
Missiles
 d - 96 arrows
 u - 181 stones (quivered)
 D - 22 sling bullets
Armour
 a - a +0 robe (worn)
 b - a +0 hat (worn)
 x - a +0 cloak (worn)
 E - a +0 pair of gloves (worn)
Jewellery
 v - a ring of protection from magic (left hand)
Wands
 F - a wand of flame (25/48)
 M - a wand of slowing (19/48)
 O - a wand of random effects (17/48)
Scrolls
 h - 4 scrolls of remove curse
 l - 2 scrolls of fog {unknown}
 q - a scroll of enchant weapon {unknown}
 r - 5 scrolls of identify {unknown}
 w - 4 scrolls of blinking {unknown}
 y - a scroll of immolation {unknown}
 A - a scroll of enchant armour {unknown}
 B - 2 scrolls of recharging {unknown}
 C - a scroll of teleportation {unknown}
 P - a scroll of noise {unknown}
 Q - a scroll of fear {unknown}
Potions
 e - a potion of agility {unknown}
 i - 2 potions of degeneration {unknown}
 k - 4 potions of haste
 n - 6 potions of curing
 o - a potion of ambrosia {unknown}
 t - a potion of might {unknown}
 z - 2 potions of lignification {unknown}
 G - a potion of magic {unknown}
 I - a potion of heal wounds {unknown}
 J - 5 potions of brilliance
 K - a potion of flight
Books
 c - a book of Minor Magic

   Spells                             Type                      Level
   a - Magic Dart                     Conjuration                  1
   b - Blink                          Translocation                2
   c - Call Imp                       Summoning                    2
   d - Repel Missiles                 Charms/Air                   2
   e - Slow                           Hexes                        2
   f - Conjure Flame                  Conjuration/Fire             3
   g - Mephitic Cloud                 Conjuration/Poison/Air       3
 N - a book of Conjurations

   Spells                             Type                      Level
   a - Magic Dart                     Conjuration                  1
   b - Searing Ray                    Conjuration                  2
   c - Dazzling Spray                 Conjuration/Hexes            3
   d - Fulminant Prism                Conjuration/Hexes            4
   e - Iskenderun's Mystic Blast      Conjuration                  4
   f - Iskenderun's Battlesphere      Conjuration/Charms           5
 R - a book of Enchantments

   Spells                             Type                      Level
   a - Cause Fear                     Hexes                        4
   b - Yara's Violent Unravelling     Hexes/Transmutation          5
   c - Silence                        Hexes/Air                    5
   d - Deflect Missiles               Charms/Air                   6
   e - Haste                          Charms                       6
   f - Discord                        Hexes                        8
Comestibles
 g - 7 fruits
 j - 4 meat rations
 m - 3 slices of pizza
 s - 2 beef jerkies
 H - 2 bread rations


   Skills:
 + Level 5.0 Dodging
 + Level 5.5 Stealth
 + Level 6.5 Spellcasting
 * Level 5.9 Conjurations
 + Level 0.0 Hexes
 * Level 1.5 Charms
 - Level 3.8 Summonings
 - Level 1.9 Translocations
 - Level 3.5 Fire Magic
 - Level 3.5 Poison Magic
 + Level 1.4 Invocations


You had one spell level left.
You knew the following spells:

 Your Spells              Type           Power        Failure   Level  Hunger
a - Magic Dart            Conj           ####         1%          1    None
b - Call Imp              Summ           ####....     1%          2    None
c - Blink                 Tloc           N/A          4%          2    None
d - Repel Missiles        Chrm/Air       ##....       10%         2    None
e - Mephitic Cloud        Conj/Pois/Air  ###.....     8%          3    None
f - Conjure Flame         Conj/Fire      ####....     3%          3    None
g - Slow                  Hex            #.......     12%         2    None
s - Iskenderun's Mystic   Conj           #####...     8%          4    ###....


Dungeon Overview and Level Annotations

Branches:
Dungeon (7/15)             Temple (1/1) D:6

Altars:
Ashenzari
Cheibriados
Dithmenos
Elyvilon
Fedhas
Gozag
Kikubaaqudgha
Makhleb
Pakellas
Qazlal
Ru
Sif Muna
Trog
Vehumet
Xom
Yredelemnul
Zin
The Shining One

Shops:
D:5 !


Message History

The orb of energy explodes!
The centaur wields a shortbow.
The centaur shoots an arrow.
The arrow hits you!
Casting: Iskenderun's Mystic Blast
Confirm with . or Enter, or press ? or * to list all spells.
Aiming: Magic Dart
Press: ? - help, Shift-Dir - straight line, f/p - centaur
Aim: a centaur, wielding a shortbow (severely wounded)
The magic dart hits the centaur.
The centaur is severely wounded.
The centaur shoots an arrow.
The arrow hits you!
Casting: Magic Dart
Confirm with . or Enter, or press ? or * to list all spells.
Aiming: Magic Dart
Press: ? - help, Shift-Dir - straight line, f/p - centaur
Aim: a centaur, wielding a shortbow (severely wounded)
The magic dart hits the centaur.
The centaur is almost dead.
The centaur shoots an arrow.
The arrow hits you!
The centaur shoots an arrow.
The arrow hits you!
You die...

.. ...##
..##+#####.....
#..............
#.......c......
.###..............
..................
.................
......#.@....... ##...
#....#......... E#...
#....#.....(...
#...###....#...#....# .
#.............######
.#####..#####.........
........#####..........
.......†...............
....###................


You could see a centaur.

Vanquished Creatures
  A troll (D:5)
  Eustachio (D:5)
  Purgy (D:4)
  A black bear (D:6)
  2 ogres (D:6)
  2 centaurs
  A giant frog (D:6)
  3 howler monkeys
  3 crimson imps
  3 hounds
  An orc priest (D:3)
  An iguana (D:5)
  An orc wizard (D:5)
  2 worker ants
  9 adders
  An ooze (D:1)
  4 worms
  3 dart slugs
  3 giant geckos
  7 orcs
  8 bats
  A bat zombie (D:4)
  3 giant cockroaches
  17 goblins
  7 hobgoblins
  10 jackals (D:5)
  9 kobolds
  3 quokkas
  2 ball pythons
  A ball python skeleton (D:6)
  7 giant newts
  8 rats
126 creatures vanquished.

Vanquished Creatures (collateral kills)
  An ogre (D:3)
  A worm (D:2)
  An orc (D:3)
  A bat (D:3)
  4 hobgoblins
  A quokka (D:3)
  A giant newt (D:2)
  8 goblins (D:3)
  A rat (D:3)
19 creatures vanquished.

Grand Total: 145 creatures vanquished

Notes
Turn   | Place    | Note
--------------------------------------------------------------
     0 | D:1      | Mefis the Deep Elf Wizard began the quest for the Orb.
     0 | D:1      | Reached XP level 1. HP: 10/10 MP: 7/7
   100 | D:1      | Reached XP level 2. HP: 15/15 MP: 1/9
   181 | D:1      | Learned a level 2 spell: Call Imp
   184 | D:1      | Learned a level 2 spell: Blink
   187 | D:1      | Learned a level 2 spell: Repel Missiles
   798 | D:1      | Reached XP level 3. HP: 16/19 MP: 8/11
   826 | D:1      | Learned a level 3 spell: Mephitic Cloud
  1015 | D:2      | Found a shimmering altar of Xom.
  1177 | D:2      | Found a stormy altar of Qazlal.
  1369 | D:2      | Reached XP level 4. HP: 24/24 MP: 4/12
  2036 | D:3      | Reached skill level 5 in Spellcasting
  2046 | D:3      | Learned a level 3 spell: Conjure Flame
  2656 | D:3      | Reached XP level 5. HP: 7/28 MP: 1/14
  3130 | D:3      | Reached skill level 1 in Poison Magic
  3196 | D:3      | Noticed an ogre
  3217 | D:3      | Killed an ogre
  3217 | D:3      | Reached skill level 1 in Fire Magic
  3489 | D:4      | Reached XP level 6. HP: 21/32 MP: 8/16
  3643 | D:4      | Found a radiant altar of Vehumet.
  4002 | D:4      | Noticed Purgy
  4022 | D:4      | Killed Purgy
  4160 | D:4      | Found a burning altar of Makhleb.
  4282 | D:4      | Found an ancient bone altar of Kikubaaqudgha.
  4585 | D:5      | Entered Level 5 of the Dungeon
  4872 | D:5      | Reached XP level 7. HP: 31/36 MP: 12/17
  5000 | D:5      | Found Hokkaicag's Distillery.
  5010 | D:5      | Bought a potion of haste for 130 gold pieces
  5010 | D:5      | Bought a potion of brilliance for 52 gold pieces
  5010 | D:5      | Bought a potion of curing for 39 gold pieces
  5010 | D:5      | Bought a potion of flight for 39 gold pieces
  5339 | D:5      | Noticed Eustachio
  5352 | D:5      | Noticed a troll
  5875 | D:5      | Killed a troll
  5875 | D:5      | Reached skill level 6 in Spellcasting
  5875 | D:5      | Reached skill level 5 in Conjurations
  6007 | D:5      | Killed Eustachio
  6134 | D:5      | Reached XP level 8. HP: 22/41 MP: 9/19
  6450 | D:5      | Reached skill level 5 in Stealth
  6725 | D:5      | Found a white marble altar of Elyvilon.
  6735 | D:5      | Found a deep blue altar of Sif Muna.
  6739 | D:5      | Became a worshipper of Sif Muna the Loreminder
  7240 | D:6      | Reached skill level 1 in Charms
  7240 | D:6      | Reached skill level 1 in Invocations
  7484 | D:6      | Found a staircase to the Ecumenical Temple.
  7493 | Temple   | Entered the Ecumenical Temple
  8015 | D:7      | Reached skill level 5 in Dodging
  8280 | D:7      | Noticed an air elemental
  8288 | D:7      | Learned a level 4 spell: Iskenderun's Mystic Blast
  8291 | D:7      | Learned a level 2 spell: Slow
  8318 | D:7      | Shot with an arrow by a centaur

Skill      XL: |  1  2  3  4  5  6  7  8 |
---------------+-------------------------+-----
Stealth        | 3 4 5 |  5.5
Conjurations   | 2 3 4 5 |  5.9
Spellcasting   | 5 6 |  6.5
Dodging        | 3 4 5 |  5.0
Poison Magic   | 1 2 3 |  3.5
Summonings     | 2 3 |  3.8
Fire Magic     | 1 2 3 |  3.5
Charms         | 1 |  1.5
Invocations    | 1 |  1.4
Translocations | |  1.9

Action                   |  1- 3 |  4- 6 |  7- 9 || total
-------------------------+-------+-------+-------++-------
Melee: Dagger            |    11 |    22 |     9 ||    42
 Cast: Magic Dart        |    65 |   137 |   158 ||   360
       Repel Missiles    |     1 |       |     1 ||     2
       Mephitic Cloud    |     2 |     4 |    13 ||    19
       Call Imp          |     2 |     7 |       ||     9
       Conjure Flame     |       |     3 |     1 ||     4
       Iskenderun's Myst |       |       |     1 ||     1
  Use: Scroll            |       |       |     2 ||     2
 Stab: Sleeping          |     6 |     2 |       ||     8
       Confused          |     1 |       |     1 ||     2
  Eat: Chunk             |     1 |     6 |     8 ||    15
       Bread ration      |       |     1 |     1 ||     2
Armor: Robe              |     2 |    15 |     6 ||    23
Dodge: Dodged            |    19 |    50 |    20 ||    89
       Deflected         |     1 |       |     1 ||     2
